 Dungeon Crawl Stone Soup version 0.22-a0-422-g9628fc8 (webtiles) character file.

370 Kairos the Chopper (level 6, -5/32 HPs)
             Began as a Vine Stalker Fighter on May 20, 2018.
             Slain by an ogre
             ... wielding a cursed +0 giant spiked club
              (19 damage)
             ... on level 4 of the Dungeon.
             The game lasted 00:03:01 (2692 turns).

Kairos the Chopper (Vine Stalker Fighter)           Turns: 2692, Time: 00:03:02

Health: -5/32      AC: 10    Str: 20    XL:     6   Next: 70%
Magic:  0/7        EV:  5    Int:  8    God:
Gold:   184        SH: 11    Dex: 14    Spells: 5/5 levels left

rFire    . . .     SeeInvis .   a - +0 war axe
rCold    + . .     Gourm    .   r - +2 shield
rNeg     . . .     Faith    .   l - +0 chain mail
rPois    .         Spirit   +   (no helmet)
rElec    .         Reflect  .   (no cloak)
rCorr    .         Harm     +   (no gloves)
MR       .....                  i - +0 pair of boots
Stlth    ..........             u - amulet of harm
HPRegen  0.50/turn              n - ring of protection from cold
MPRegen  0.10/turn              (no ring)

@: no status effects
A: fangs 2, regeneration 1, magic shield, antimagic bite, no potion heal 3, rot
immunity
a: no special abilities


You were on level 4 of the Dungeon.
You were very hungry.

You visited 1 branch of the dungeon, and saw 4 of its levels.

You collected 184 gold pieces.

Inventory:

Hand Weapons
 a - a +0 war axe (weapon)
 d - a +1 flail of crushing
Armour
 i - a +0 pair of boots (worn)
 l - a +0 chain mail (worn)
 r - a +2 shield (worn)
Jewellery
 n - a ring of protection from cold (left hand)
 u - an amulet of harm (around neck)
Scrolls
 g - 2 scrolls of remove curse
 h - 2 scrolls of amnesia {unknown}
 k - 3 scrolls of teleportation {unknown}
 o - a scroll of fog {unknown}
 p - a scroll of identify {unknown}
 q - a scroll of noise {unknown}
 t - a scroll of enchant armour {unknown}
Potions
 b - a potion of ambrosia {unknown}
 e - a potion of brilliance {unknown}
 j - a potion of invisibility {unknown}
 m - a potion of flight {unknown}
 s - a potion of agility {unknown}
 v - a potion of lignification {unknown}
Comestibles
 f - 6 rations


   Skills:
 + Level 3.2 Fighting
 + Level 4.1 Axes
 + Level 3.6 Armour
 + Level 1.0 Dodging
 + Level 1.3 Stealth
 + Level 3.6 Shields


You had 5 spell levels left.
You didn't know any spells.
Your spell library was empty.

Dungeon Overview and Level Annotations

Branches:
Dungeon (4/15)
 Temple: D:4-7

Altars:


Innate Abilities, Weirdness & Mutations

You have extremely sharp teeth.
Your natural rate of healing is unusually fast.
When hurt, damage is shared between your health and your magic reserves.
Your bite disrupts and absorbs the magic of your enemies.
Potions cannot restore your health.
You are immune to rotting.


Message History

You closely miss the ogre. You bite the ogre, but do no damage.
The ogre is lightly wounded.
The ogre completely misses you.
Your shield prevents you from hitting the ogre.
You bite the ogre. You drain its power.
The ogre is moderately wounded.
The ogre hits you with a giant spiked club!
You are feeling very hungry.
You hit the ogre.
The ogre is severely wounded.
The ogre hits you with a giant spiked club.
You are too injured to fight recklessly!
You are too injured to fight recklessly!
You are too injured to fight recklessly!
You are too injured to fight recklessly!
You hit the ogre.
The ogre is severely wounded.
The ogre hits you with a giant spiked club!!
Ouch! That really hurt!
You die...

.#######....#
#....# #....#
#....# #....#
#.!..+ #....#
#....##+##
#.@......#
#.O......#
#.........
#.........
#.........
#.........
#.........
..#####+##


You could see an ogre.

Vanquished Creatures
  An orc warrior (D:3)
  2 howler monkeys (D:4)
  An orc wizard (D:3)
  A hound skeleton (D:4)
  4 gnolls (D:2)
  3 adders
  An ooze (D:1)
  2 dart slugs
  3 leopard geckos
  2 orcs (D:3)
  7 bats
  2 giant cockroaches
  19 goblins
  8 hobgoblins
  3 jackals (D:2)
  4 ball pythons
  5 frilled lizards
  5 kobolds
  A leopard gecko skeleton (D:4)
  10 rats
84 creatures vanquished.

Notes
Turn   | Place    | Note
-------+----------+-------------------------------------------
     0 | D:1      | Kairos the Vine Stalker Fighter began the quest for the Orb.
     0 | D:1      | Reached XP level 1. HP: 11/11 MP: 2/2
    97 | D:1      | Reached XP level 2. HP: 14/16 MP: 3/3
   540 | D:1      | Reached skill level 2 in Axes
   821 | D:2      | Reached XP level 3. HP: 20/20 MP: 4/4
   958 | D:2      | Gained mutation: Your natural rate of healing is unusually fast. [Vine Stalker growth]
   958 | D:2      | Reached XP level 4. HP: 24/24 MP: 5/5
   969 | D:2      | Reached skill level 1 in Stealth
  1297 | D:2      | Reached XP level 5. HP: 28/28 MP: 6/6
  1867 | D:3      | Noticed an orc warrior
  1879 | D:3      | Killed an orc warrior
  1879 | D:3      | Reached skill level 3 in Axes
  1879 | D:3      | Reached XP level 6. HP: 12/32 MP: 1/7
  1931 | D:3      | Reached skill level 1 in Dodging
  2667 | D:4      | Reached skill level 4 in Axes
  2692 | D:4      | Slain by an ogre

Vault maps used:
D:1:      onia_arrival_handbag
D:2:      cheibrodos_greedy_goblins, first_ration
D:3:      minmay_box_of_dots
D:4:      fountainhead

Skill      XL: |  1  2  3  4  5  6 |
---------------+-------------------+-----
Shields        | 3 |  3.6
Axes           | 2 3 4 |  4.1
Fighting       | 3 |  3.2
Armour         | 3 |  3.6
Stealth        | 1 |  1.3
Dodging        | 1 |  1.0

Action                   |  1- 3 |  4- 6 || total
-------------------------+-------+-------++-------
Melee: War axe           |    80 |   122 ||   202
       Bite              |    23 |    32 ||    55
  Use: Scroll            |       |     1 ||     1
       Potion            |       |     1 ||     1
  Eat: Chunk             |       |     5 ||     5
Armor: Scale mail        |    28 |       ||    28
       Chain mail        |    24 |    68 ||    92
Dodge: Dodged            |    17 |    27 ||    44
Block: Shield            |    45 |    62 ||   107

Table legend:
 A = Spawn XP
 B = Non-spawn XP
 C = Spawn XP percentage of total XP
 D = Spawn monster count
 E = Non-spawn monster count
 F = Spawn count percentage of total count
 G = Total turns spent on level
                    A         B        C        D         E        F      G
               +---------+---------+-------+---------+---------+-------+---------
         Total |       0 |     529 |   0.0 |       0 |      84 |   0.0 |  2692
               +---------+---------+-------+---------+---------+-------+---------
           D:1 |       0 |      33 |   0.0 |       0 |      19 |   0.0 |   817
           D:2 |       0 |     140 |   0.0 |       0 |      38 |   0.0 |   806
           D:3 |       0 |     225 |   0.0 |       0 |      20 |   0.0 |   980
           D:4 |       0 |     131 |   0.0 |       0 |       7 |   0.0 |    89
               +---------+---------+-------+---------+---------+-------+---------
